 Dungeon Crawl Stone Soup version 0.18.1-5-g4a78601 (webtiles) character file.

23 inmateoo the Insei (level 2, 0/21 HPs)
             Began as a Demonspawn Transmuter on May 13, 2016.
             Slain by a hobgoblin (6 damage)
             ... led by Robin
             ... on level 2 of the Dungeon.
             The game lasted 00:00:47 (947 turns).

inmateoo the Insei (Demonspawn Transmuter)           Turns: 947, Time: 00:00:47

Health: 0/21       AC:  2    Str: 10    XL:     2   Next: 75%
Magic:  0/5        EV: 12    Int: 14    God:
Gold:   55         SH:  0    Dex: 13    Spells: 2 memorised, 2 levels left

rFire  . . .     SeeInvis .       - Unarmed
rCold  . . .     Gourm    .     b - +0 robe
rNeg   . . .     Faith    .     (no shield)
rPois  .         Spirit   .     (no helmet)
rElec  .         Dismiss  .     (no cloak)
rCorr  .         Reflect  .     (no gloves)
SustAt .         Harm     .     (no boots)
MR     .....                    (no amulet)
Stlth  +.........               (no ring)
                                (no ring)

@: appendage, not resistant to hostile enchantments, very unstealthy
A: hooves 1, horns 2
a: End Transformation


You were on level 2 of the Dungeon.
You were not hungry.
You had grown temporary horns.
You visited 1 branch of the dungeon, and saw 2 of its levels.

You collected 55 gold pieces.

Inventory:

Missiles
 a - 43 arrows
Armour
 b - a +0 robe (worn)
Jewellery
 f - a +4 ring of slaying {unknown}
 m - an uncursed ring of see invisible {unknown}
Scrolls
 e - 2 scrolls of remove curse {unknown}
 g - a scroll of immolation {unknown}
 i - 2 scrolls of enchant armour {unknown}
Potions
 h - a potion of ambrosia {unknown}
 j - a potion of curing {unknown}
 k - a potion of might {unknown}
Books
 c - a book of Changes

   Spells                             Type                      Level
   a - Beastly Appendage              Transmutation                1
   b - Sticks to Snakes               Transmutation                2
   c - Spider Form                    Transmutation/Poison         3
   d - Ice Form                       Ice/Transmutation            4
   e - Blade Hands                    Transmutation                5
Comestibles
 d - 2 bread rations
 l - a meat ration


   Skills:
 - Level 1.0 Fighting
 + Level 2.1 Dodging
 * Level 3.1 Unarmed Combat
 - Level 2.0 Spellcasting
 + Level 2.2 Transmutations


You had 2 spell levels left.
You knew the following spells:

 Your Spells              Type           Power        Failure   Level  Hunger
a - Beastly Appendage     Trmt           #.....       12%         1    ##.....
b - Sticks to Snakes      Trmt           #.......     17%         2    ###....


Dungeon Overview and Level Annotations

Branches:
Dungeon (2/15)

Altars:

Annotations:
D:2 Robin


Innate Abilities, Weirdness & Mutations

You have large cloven feet.
You have a pair of horns on your head.


Message History

Your ball python grabs the hobgoblin.
Your ball python constricts the hobgoblin.
Your ball python barely misses the goblin.
Your ball python grabs the goblin.
Your ball python constricts the goblin.
Unknown command.
You hit the goblin.
The goblin is severely wounded.
The goblin hits you. The hobgoblin barely misses you.
Your ball python bites the hobgoblin.
Your ball python constricts the hobgoblin.
The hobgoblin hits you with a club.
* * * LOW HITPOINT WARNING * * *
Your ball python bites the goblin.
The goblin dies!
Unknown command.
The hobgoblin barely misses your ball python.
Your ball python bites the hobgoblin.
The hobgoblin dies!
The hobgoblin hits you.
You die...

#.# #.# ... #.# #.####
### #.#.. ##.## #.#.#
##.#.####.#.####
#.###.<.....S@.#
#..#..###.#.##g)ggg...
#.#.#.##....####S#g...
####.#.#.#....... .#
.. .......#.##...####
# ####.###.###.##
##.....#.# #(#
##.###...# #.# ...#
#.#####+##


You could see 3 hobgoblins, 2 goblins and 2 friendly ball pythons.

Vanquished Creatures
  2 dart slugs (D:1)
  A bat (D:1)
  4 goblins
  4 hobgoblins (D:1)
  A giant newt (D:1)
  3 rats (D:1)
15 creatures vanquished.

Vanquished Creatures (collateral kills)
  A hobgoblin (D:2)
  2 goblins (D:2)
3 creatures vanquished.

Grand Total: 18 creatures vanquished

Notes
Turn   | Place    | Note
--------------------------------------------------------------
     0 | D:1      | inmateoo the Demonspawn Transmuter began the quest for the Orb.
     0 | D:1      | Reached XP level 1. HP: 15/15 MP: 3/3
   197 | D:1      | Reached skill level 3 in Unarmed Combat
   203 | D:1      | Gained mutation: You have large cloven feet. [demonic ancestry]
   203 | D:1      | Reached XP level 2. HP: 12/21 MP: 5/5
   468 | D:1      | Learned a level 2 spell: Sticks to Snakes
   938 | D:2      | Noticed Robin
   947 | D:2      | Slain by a hobgoblin

Skill      XL: |  1  2 |
---------------+-------+-----
Unarmed Combat | 3 |  3.1
Transmutations | 2 |  2.2
Dodging        | 2 |  2.1
Fighting       | |  1.0
Spellcasting   | |  2.0

Action                   || total
-------------------------++-------
Melee: Unarmed           ||    54
       Kick              ||     7
 Cast: Sticks to Snakes  ||     2
       Beastly Appendage ||     1
Armor: Robe              ||     7
Dodge: Dodged            ||    28
